 Dungeon Crawl Stone Soup version 0.30-a0-459-g9104f0fc43 (webtiles) character file.

Game seed: 16799897348019062904

168 HoaS the Skirmisher (level 5, 0/30 HPs)
             Began as a Kobold Hunter on Dec 15, 2022.
             Slain by a hobgoblin (2 damage)
             ... on level 3 of the Dungeon.
             The game lasted 00:03:46 (3262 turns).

HoaS the Skirmisher (Kobold Hunter)                 Turns: 3262, Time: 00:03:46

Health: 0/30       AC:  1    Str:  8    XL:     5   Next: 77%
Magic:  5/5        EV: 14    Int: 11    God:
Gold:   159        SH:  0    Dex: 20    Spells: 4/4 levels left

rFire   . . .      SeeInvis .    a - +1 shortbow
rCold   . . .      Faith    .    (shield currently unavailable)
rNeg    . . .      Spirit   .    c - +1 leather armour
rPois   .          Reflect  .    g - +0 helmet
rElec   .          Harm     .    (no cloak)
rCorr   .          Rampage  .    (no gloves)
Will    .....                    (no boots)
Stlth   +++.......               (no amulet)
HPRegen 0.25/turn                (no ring)
MPRegen 0.09/turn                (no ring)

@: corroded
A: small, no large weapons, nightstalker 3
a: no special abilities


You were on level 3 of the Dungeon.
You visited 1 branch of the dungeon, and saw 4 of its levels.

You collected 159 gold pieces.

Inventory:

Hand Weapons
 a - a +1 shortbow (weapon)
Armour
 c - a +1 leather armour (worn)
 g - a +0 helmet (worn)
Wands
 h - a wand of light (14)
Scrolls
 b - a scroll of immolation
 f - a scroll of vulnerability {unknown}
Potions
 e - a potion of flight
 i - 2 potions of ambrosia
 j - a potion of resistance
 k - 3 potions of curing {unknown}
 l - a potion of might {unknown}


   Skills:
 - Level 2.1 Fighting
 + Level 8.7 Ranged Weapons
 - Level 2.4 Dodging
 - Level 1.3 Stealth


You had 4 spell levels left.
You didn't know any spells.
Your spell library contained the following spells:

 Spells                   Type           Power      Damage    Failure   Level
 Sublimation of Blood     Necr           0%         N/A       61%         2
 Wereblood                Tmut           0%         N/A       61%         2
 Ignite Poison            Fire/Tmut/Pois 0%         N/A       83%         3
 Kindle Blastsparks       Fire/Tloc/Air  0%         2d10      83%         3
 Freezing Cloud           Conj/Ice/Air   0%         6-21      100%        5
 Malign Gateway           Summ/Tloc      0%         N/A       100%        7
 Summon Hydra             Summ           0%         N/A       100%        7
 Summon Horrible Things   Summ           0%         N/A       100%        8


Dungeon Overview and Level Annotations

Branches:
Dungeon (4/15)
 Temple: D:4-7

Altars:

Shops:
D:2 (


Innate Abilities, Weirdness & Mutations

You are small and have problems with some larger weapons.
You are completely attuned to the shadows.


Message History

No target in view!
You see here a +0 short sword.
Found a stone staircase leading up.
Found a ring mail.
Done exploring.
Done exploring.
Done exploring.
Done exploring.
Done exploring.
You drop an amulet of faith.
(D) Dungeon
Where to? (Enter - D:3, ? - help)
There is a stone staircase leading down here.
You climb downwards.
Found a metallic white potion.
Found an escape hatch in the ceiling.
There is a stone staircase leading up here.
There are monsters nearby!
You shoot an arrow. The arrow hits the ball python.
You kill the ball python!
The endoplasm quivers.
The jelly quivers.
The hobgoblin shouts!
The goblin shouts!
The jelly jiggles.
You shoot an arrow. The arrow barely misses the jelly.
You shoot an arrow. The arrow hits the jelly.
The jelly is lightly wounded.
A giant cockroach comes into view.
The hobgoblin misses you.
The endoplasm hits you but does no damage.
The goblin hits you with a +0 dagger. The jelly hits you.
The acid corrodes you!
You are splashed with acid!
You climb upwards.
There is a stone staircase leading down here.
You shoot an arrow. The arrow hits the jelly.
The jelly is moderately wounded.
The endoplasm freezes you.
You are frozen.
The goblin closely misses you. The jelly hits you.
You are splashed with acid!
* * * LOW HITPOINT WARNING * * *
The hobgoblin hits you.
You die...

#.##..#####.###.......##.###
#.###.......#<#.....#......#
#.####.....##.#.....#..#.#.#
#....##..#....#.....#..#.#.#
####.##..#....#........#.#.#####
# #.##.....#.#......###.#...).#
# #.....####.#..........#####.#
# #####..)...##.#.....### #.#
### ######..g@#.###########.##
..# #.#gJJ............... #.#
#######.#.#############.#.# #.#
#.......#.# #.#.# #.#
#.#######.# #...# #<# #.#
#.################# ###
#.#######.................# #
#.........#....##########.# #
#####.....#.##.# #.#


You could see a jelly, an endoplasm, a hobgoblin and a goblin.

Vanquished Creatures
  Jessica (D:2)
  7 adders
  2 worms
  2 dart slugs
  An orc (D:3)
  8 endoplasms
  2 giant cockroaches
  7 goblins
  4 hobgoblins
  9 kobolds
  3 quokkas
  6 ball pythons
  4 bats
  7 frilled lizards
  8 rats
71 creatures vanquished.

Notes
Turn   | Place    | Note
-------+----------+-------------------------------------------
     0 | D:1      | HoaS the Kobold Hunter began the quest for the Orb.
     0 | D:1      | Reached XP level 1. HP: 12/12 MP: 1/1
   151 | D:1      | Reached XP level 2. HP: 17/17 MP: 2/2
   348 | D:1      | Reached skill level 6 in Ranged Weapons
   574 | D:1      | Found a faded altar of an unknown god.
   713 | D:1      | Reached XP level 3. HP: 21/21 MP: 3/3
  1460 | D:2      | Reached skill level 7 in Ranged Weapons
  1460 | D:2      | Reached XP level 4. HP: 24/26 MP: 4/4
  1572 | D:2      | Noticed Jessica
  1574 | D:2      | Killed Jessica
  1806 | D:2      | Found Yppipypogofo's Weapon Boutique.
  1865 | D:2      | Reached XP level 5. HP: 21/30 MP: 5/5
  2081 | D:2      | Reached skill level 8 in Ranged Weapons
  3262 | D:3      | Slain by a hobgoblin

Illustrated notes

Levels and vault maps discovered:
D:1:      minmay_arrival_arboretum_small, layout_loops_corners,
          chequers_ecumenical_altar_simple_redux, dk_noncrumbling_4,
          kennysheep_minor_cross
D:2:      layout_basic, serial_shops, nicolae_lakefront_shop,
          minmay_pentomino_o4, uniq_jessica
D:3:      layout_basic, feat_on_display
D:4:      layout_cave_pods, grunt_decor_cap, uniq_duvessa

Skill      XL: |  1  2  3  4  5 |
---------------+----------------+-----
Ranged Weapons | 6 7 8 |  8.7
Fighting       | |  2.1
Dodging        | |  2.4
Stealth        | |  1.3

Action                   |  1- 3 |  4- 6 || total
-------------------------+-------+-------++-------
 Fire: Shortbow          |    72 |    83 ||   155
  Use: Scroll            |     4 |     4 ||     8
Armor: Leather armour    |     6 |     6 ||    12
Dodge: Dodged            |    20 |    24 ||    44

Table legend: (Time is in decaauts)
 A = Elapsed time spent in this place.
 B = Non-inter-level travel time spent in this place.
 C = Inter-level travel time spent in this place.
 D = Time resting spent in this place.
 E = Time spent auto-exploring this place.
 F = Levels seen in this place.
 G = Mean time per level.
                   A        B        C        D        E       F      G
               +--------+--------+--------+--------+--------+-----+--------+
         Total |   3291 |   3192 |     99 |    261 |   2608 |   4 |  822.8 |
       Dungeon |   3291 |   3192 |     99 |    261 |   2608 |   4 |  822.8 |
               +--------+--------+--------+--------+--------+-----+--------+

Top non-repeatable levels by time:
     D:2: 1382 daAuts
     D:1: 1065 daAuts
     D:3: 837 daAuts
     D:4: 5 daAuts
